[Event "Irish Championship 2020"]
[Site "Dublin"]
[Date "2020.08.07"]
[Round "7.15"]
[White "McHugh, Kevin"]
[Black "Byrne, Alex"]
[Result "1/2-1/2"]
[ECO "C06"]
[WhiteElo "2010"]
[BlackElo "1976"]
[Annotator "ChessBase"]
[PlyCount "134"]
[EventDate "2020.08.01"]
[EventType "swiss"]
[EventCountry "IRL"]
[SourceTitle "playchess.com"]
[Source "ChessBase"]
[SourceQuality "1"]
[TimeControl "8100+35"]

1. e4 e6 2. d4 d5 3. Nd2 Nf6 4. e5 Nfd7 5. Bd3 c5 6. c3 Nc6 7. Ne2 cxd4 8. cxd4 f6 9. exf6 Nxf6 10. Nf3 Bd6 11. O-O Qc7 12. Bg5 O-O 13. Bh4 Nh5 14. Qc2 h6 15. Bh7+ Kh8 16. Bg6 Nf4 17. Nxf4 Rxf4 18. Bg3 Rf6 19. Bxd6 Qxd6 20. Rad1 Qf4 21. Be8 e5 22. dxe5 Nxe5 23. Nxe5 Qxe5 24. Bb5 Bg4 25. Rd2 Rc8 26. Qd3 Bf3 27. Qe3 Qh5 28. Be2 Bxe2 29. Qxe2 Qxe2 30. Rxe2 Kh7 31. Rd2 Kg6 32. Rxd5 Rc2 33. Rb5 b6 34. a4 a6 35. Rb4 Rd6 36. g3 Kf5 37. Re1 g5 38. g4+ Kg6 39. b3 h5 40. h3 Rf6 41. Re3 h4 42. Rbe4 Rcxf2 43. Re6 Rd2 44. Rxf6+ Kxf6 45. Kf1 Rd5 46. Kf2 Re5 47. Rc3 Rc5 48. Re3 b5 49. axb5 axb5 50. Kg2 Re5 51. Rd3 Ke6 52. b4 Re2+ 53. Kf3 Rb2 54. Rd8 Rb3+ 55. Kg2 Rb2+ 56. Kg1 Ke5 57. Rf8 Ke4 58. Rf5 Rxb4 59. Rxg5 Kf4 60. Rd5 Rb1+ 61. Kg2 Rb2+ 62. Kg1 b4 63. g5 Rb1+ 64. Kg2 Rb3 65. g6 Rg3+ 66. Kf2 Ke4 67. Rb5 Rxg6 1/2-1/2

[Event "Irish Championship 2020"]
[Site "Dublin"]
[Date "2020.08.07"]
[Round "7.16"]
[White "MacElligott, Gerard"]
[Black "Carroll, Peter"]
[Result "0-1"]
[ECO "A46"]
[WhiteElo "2020"]
[BlackElo "2009"]
[Annotator "ChessBase"]
[PlyCount "110"]
[EventDate "2020.08.01"]
[EventType "swiss"]
[EventCountry "IRL"]
[SourceTitle "playchess.com"]
[Source "ChessBase"]
[SourceQuality "1"]
[TimeControl "8100+35"]

1. d4 Nf6 2. Nf3 e6 3. g3 b5 4. Bg2 Bb7 5. O-O c5 6. Bg5 Be7 7. dxc5 Bxc5 8. Qd3 Qb6 9. Bxf6 gxf6 10. Nc3 a6 11. Rad1 Qc7 12. Ne4 Be7 13. Nd6+ Bxd6 14. Qxd6 Qxd6 15. Rxd6 Ke7 16. Rb6 Bc6 17. Nd4 Bxg2 18. Kxg2 d5 19. Rb7+ Nd7 20. a4 bxa4 21. Ra1 Kd8 22. Nc6+ Kc8 23. Na5 Rb8 24. Rxb8+ Kxb8 25. Rxa4 Nc5 26. Rh4 Kc7 27. c4 Rb8 28. cxd5 exd5 29. b4 Ne4 30. Rxh7 Rxb4 31. Rxf7+ Kb6 32. Nb7 a5 33. Nd8 a4 34. f3 Nc3 35. Rxf6+ Kb5 36. Nc6 Rb2 37. Na7+ Kc4 38. Rc6+ Kb3 39. Rb6+ Ka2 40. Ra6 a3 41. Nc6 Kb3 42. Nd4+ Ka2 43. h4 Nxe2 44. Nxe2 Rxe2+ 45. Kh3 Kb2 46. h5 a2 47. h6 a1=Q 48. Rxa1 Kxa1 49. g4 d4 50. h7 Re8 51. g5 d3 52. g6 d2 53. g7 d1=Q 54. g8=Q Rxg8 55. hxg8=Q Qh1+ 0-1

[Event "Irish Championship 2020"]
[Site "Dublin"]
[Date "2020.08.08"]
[Round "8.1"]
[White "Brady, Stephen"]
[Black "Daly, Colm"]
[Result "1/2-1/2"]
[ECO "A09"]
[WhiteElo "2290"]
[BlackElo "2248"]
[Annotator "ChessBase"]
[PlyCount "90"]
[EventDate "2020.08.01"]
[EventType "swiss"]
[EventCountry "IRL"]
[SourceTitle "playchess.com"]
[Source "ChessBase"]
[SourceQuality "1"]
[TimeControl "8100+35"]

1. Nf3 Nf6 2. g3 d5 3. Bg2 c5 4. O-O Nc6 5. c4 d4 6. d3 e5 7. e3 Be7 8. exd4 exd4 9. Bg5 h6 10. Bxf6 Bxf6 11. Re1+ Kf8 12. Nbd2 Rb8 13. a3 a5 14. Re2 h5 15. Ne4 Be7 16. Qd2 Qc7 17. Rae1 Bg4 18. h3 Bd7 19. Neg5 Re8 20. Ne5 Nxe5 21. Rxe5 Bf6 22. Rxe8+ Bxe8 23. Bd5 g6 24. Ne4 Be7 25. Qe2 Kg7 26. Qf3 Rf8 27. h4 b6 28. Ng5 a4 29. Kg2 Qd6 30. Re4 Bxg5 31. hxg5 Bd7 32. Rf4 f5 33. gxf6+ Rxf6 34. Rxf6 Qxf6 35. Qe2 h4 36. gxh4 Qxh4 37. Qe5+ Qf6 38. Qxf6+ Kxf6 39. Kf3 Ke5 40. Ke2 Kf4 41. Be4 g5 42. Bd5 Be8 43. Be4 Bd7 44. Bd5 Be8 45. Bb7 Bd7 1/2-1/2

[Event "Irish Championship 2020"]
[Site "Dublin"]
[Date "2020.08.08"]
[Round "8.3"]
[White "O`Donnell, Conor"]
[Black "Venkatesan, Kavin"]
[Result "1-0"]
[ECO "B22"]
[WhiteElo "2304"]
[BlackElo "1946"]
[Annotator "ChessBase"]
[PlyCount "65"]
[EventDate "2020.08.01"]
[EventType "swiss"]
[EventCountry "IRL"]
[SourceTitle "playchess.com"]
[Source "ChessBase"]
[SourceQuality "1"]
[TimeControl "8100+35"]

1. e4 c5 2. c3 d5 3. exd5 Qxd5 4. d4 cxd4 5. cxd4 e6 6. Nc3 Qd8 7. Nf3 Nf6 8. Ne5 a6 9. Bd3 Bd6 10. O-O O-O 11. Bg5 Be7 12. Re1 Nbd7 13. Re3 Nxe5 14. dxe5 Nd5 15. Bxe7 Qxe7 16. Rh3 f5 17. exf6 Nxf6 18. Ne4 Nxe4 19. Bxe4 h6 20. Qb3 Kh8 21. Re1 Rb8 22. Qc3 Rf6 23. Qe5 Ra8 24. Rd3 Bd7 25. Qd6 Qxd6 26. Rxd6 Bb5 27. Bxb7 Rb8 28. Be4 e5 29. Red1 Rxd6 30. Rxd6 Re8 31. b3 Kg8 32. a4 Be2 33. f3 1-0

[Event "Irish Championship 2020"]
[Site "Dublin"]
[Date "2020.08.08"]
[Round "8.5"]
[White "Kanyamarala, Trisha"]
[Black "Flynn, Jacob"]
[Result "1/2-1/2"]
[ECO "D27"]
[WhiteElo "2193"]
[BlackElo "2114"]
[Annotator "ChessBase"]
[PlyCount "73"]
[EventDate "2020.08.01"]
[EventType "swiss"]
[EventCountry "IRL"]
[SourceTitle "playchess.com"]
[Source "ChessBase"]
[SourceQuality "1"]
[TimeControl "8100+35"]

1. d4 Nf6 2. Nf3 d5 3. c4 e6 4. Nc3 dxc4 5. e3 a6 6. Bxc4 b5 7. Be2 Bb7 8. O-O c5 9. b3 Nbd7 10. Bb2 Be7 11. Rc1 O-O 12. Bd3 Rc8 13. Qe2 cxd4 14. Nxd4 Nc5 15. Bb1 b4 16. Na4 Nxa4 17. bxa4 Qa5 18. Bc2 Nd5 19. Nb3 Qd8 20. Rfd1 Bf6 21. Nd4 Qe7 22. Qd3 g6 23. Bb3 Nc3 24. Bxc3 bxc3 25. Rxc3 Rxc3 26. Qxc3 Rc8 27. Qd3 Rd8 28. Qe2 Qb4 29. Qd2 Qxd2 30. Rxd2 e5 31. Nf3 Bxf3 32. Rxd8+ Bxd8 33. gxf3 a5 34. Kg2 Kg7 35. Bd5 Be7 36. Kg3 g5 37. Kg4 1/2-1/2

[Event "Irish Championship 2020"]
[Site "Dublin"]
[Date "2020.08.08"]
[Round "8.6"]
[White "O`Gorman, Alice"]
[Black "Melaugh, Shane"]
[Result "0-1"]
[ECO "B47"]
[WhiteElo "1904"]
[BlackElo "2161"]
[Annotator "ChessBase"]
[PlyCount "86"]
[EventDate "2020.08.01"]
[EventType "swiss"]
[EventCountry "IRL"]
[SourceTitle "playchess.com"]
[Source "ChessBase"]
[SourceQuality "1"]
[TimeControl "8100+35"]

1. e4 c5 2. Nf3 Nc6 3. d4 cxd4 4. Nxd4 e6 5. Nc3 Qc7 6. Ndb5 Qb8 7. Be3 a6 8. Bb6 axb5 9. Nxb5 Ra5 10. Nc7+ Ke7 11. Qd2 Nf6 12. Bxa5 b6 13. Bb4+ Nxb4 14. Qxb4+ Kd8 15. Nxe6+ fxe6 16. Qa4 Qf4 17. f3 Nd5 18. Be2 Ne3 19. g3 Qe5 20. c3 Bc5 21. Rc1 Qd6 22. b4 Ng2+ 23. Kf1 Ne3+ 24. Ke1 Ng2+ 25. Kf1 Qd2 26. bxc5 Ne3+ 27. Kf2 Ng4+ 28. fxg4 Rf8+ 29. Kg2 Qxe2+ 30. Kh3 Rf6 31. g5 e5 32. Qd1 d5+ 33. Kh4 Qxe4+ 34. g4 Bxg4 35. Qxg4 Rf4 36. h3 Rxg4+ 37. hxg4 bxc5 38. Rh2 Qf4 39. Rcc2 e4 40. Rhf2 Qd6 41. Kh3 d4 42. cxd4 cxd4 43. Rf5 d3 0-1

[Event "Irish Championship 2020"]
[Site "Dublin"]
[Date "2020.08.08"]
[Round "8.7"]
[White "Murray, David"]
[Black "Putar, Lara"]
[Result "1-0"]
[ECO "D85"]
[WhiteElo "2152"]
[BlackElo "1834"]
[Annotator "ChessBase"]
[PlyCount "47"]
[EventDate "2020.08.01"]
[EventType "swiss"]
[EventCountry "IRL"]
[SourceTitle "playchess.com"]
[Source "ChessBase"]
[SourceQuality "1"]
[TimeControl "8100+35"]

1. d4 Nf6 2. c4 g6 3. Nc3 d5 4. Nf3 Bg7 5. cxd5 Nxd5 6. e4 Nxc3 7. bxc3 c5 8. Rb1 O-O 9. Be2 Nc6 10. d5 Ne5 11. Nxe5 Bxe5 12. Qd2 Qa5 13. Rb3 e6 14. f4 Bg7 15. d6 Bd7 16. O-O e5 17. f5 Rfd8 18. Bc4 gxf5 19. exf5 h6 20. Rf3 e4 21. Rg3 Kh7 22. Rxg7+ Kxg7 23. Qxh6+ Kg8 24. f6 1-0

[Event "Irish Championship 2020"]
[Site "Dublin"]
[Date "2020.08.08"]
[Round "8.8"]
[White "O'Connell, Gerard"]
[Black "Peoples, Jonathon"]
[Result "1-0"]
[ECO "E58"]
[WhiteElo "2075"]
[BlackElo "1932"]
[Annotator "ChessBase"]
[PlyCount "47"]
[EventDate "2020.08.01"]
[EventType "swiss"]
[EventCountry "IRL"]
[SourceTitle "playchess.com"]
[Source "ChessBase"]
[SourceQuality "1"]
[TimeControl "8100+35"]

1. d4 Nf6 2. c4 e6 3. Nc3 Bb4 4. e3 O-O 5. Bd3 d5 6. a3 Bxc3+ 7. bxc3 c5 8. Nf3 Nc6 9. O-O b6 10. Qa4 Bd7 11. Qc2 dxc4 12. Bxc4 Na5 13. Bd3 cxd4 14. exd4 Rc8 15. Ne5 Bc6 16. Bg5 h6 17. Bh4 Bd5 18. Ng4 Bc4 19. Bh7+ Kh8 20. Bxf6 gxf6 21. Qd2 Qd5 22. Qxh6 Qg5 23. Qh3 Kg7 24. f4 1-0

[Event "Irish Championship 2020"]
[Site "Dublin"]
[Date "2020.08.08"]
[Round "8.10"]
[White "Casey, Eoghan"]
[Black "Collins, Adam"]
[Result "0-1"]
[ECO "D00"]
[WhiteElo "1954"]
[BlackElo "1760"]
[Annotator "ChessBase"]
[PlyCount "68"]
[EventDate "2020.08.01"]
[EventType "swiss"]
[EventCountry "IRL"]
[SourceTitle "playchess.com"]
[Source "ChessBase"]
[SourceQuality "1"]
[TimeControl "8100+35"]

1. d4 d5 2. Bf4 Nf6 3. e3 c5 4. c3 Nc6 5. Nd2 cxd4 6. exd4 Bf5 7. Qb3 Qc8 8. Ngf3 e6 9. Nh4 Be4 10. f3 Bg6 11. Nxg6 hxg6 12. g4 a6 13. Bd3 Be7 14. O-O Bd8 15. Rae1 Bc7 16. Bg3 Qb8 17. Kg2 Kd7 18. Rf2 b5 19. Rfe2 Bxg3 20. hxg3 Rh7 21. g5 Nh5 22. Nf1 Qd6 23. f4 Rah8 24. Kf3 Nxf4 25. gxf4 Rh3+ 26. Ng3 R8h4 27. Re5 f6 28. Bxg6 fxe5 29. dxe5 Qf8 30. f5 Ne7 31. Kg2 Nxg6 32. fxe6+ Kxe6 33. Rf1 Rxg3+ 34. Kxg3 Qxf1 0-1

[Event "Irish Championship 2020"]
[Site "Dublin"]
[Date "2020.08.08"]
[Round "8.11"]
[White "Putar, Leon"]
[Black "Lyons, Brendan"]
[Result "1-0"]
[ECO "B01"]
[WhiteElo "1894"]
[BlackElo "1941"]
[Annotator "ChessBase"]
[PlyCount "71"]
[EventDate "2020.08.01"]
[EventType "swiss"]
[EventCountry "IRL"]
[SourceTitle "playchess.com"]
[Source "ChessBase"]
[SourceQuality "1"]
[TimeControl "8100+35"]

1. e4 d5 2. exd5 Nf6 3. d4 Bg4 4. Bb5+ Nbd7 5. Be2 Bxe2 6. Qxe2 Nxd5 7. Nf3 e6 8. c4 Bb4+ 9. Bd2 Bxd2+ 10. Qxd2 Ne7 11. Nc3 a6 12. b3 O-O 13. h4 e5 14. dxe5 Nc6 15. O-O-O Ndxe5 16. Qc2 Qf6 17. Nxe5 Qxe5 18. Rhe1 Qf4+ 19. Kb1 Nb4 20. Qe4 Qxf2 21. Re2 Qf6 22. Re3 Qf2 23. a3 Nc6 24. h5 h6 25. Rf3 Qxg2 26. Qf4 Qg5 27. Qh2 Rad8 28. Rg1 Rd2 29. Qh1 Qe5 30. Rfg3 Qf5+ 31. Qe4 Qxe4+ 32. Nxe4 Re2 33. Rxg7+ Kh8 34. Nf6 Re1+ 35. Kb2 Rxg1 36. Rh7# 1-0

[Event "Irish Championship 2020"]
[Site "Dublin"]
[Date "2020.08.08"]
[Round "8.12"]
[White "Carroll, Peter"]
[Black "Mirza, Diana"]
[Result "1-0"]
[ECO "B01"]
[WhiteElo "2009"]
[BlackElo "1939"]
[Annotator "ChessBase"]
[PlyCount "105"]
[EventDate "2020.08.01"]
[EventType "swiss"]
[EventCountry "IRL"]
[SourceTitle "playchess.com"]
[Source "ChessBase"]
[SourceQuality "1"]
[TimeControl "8100+35"]

1. e4 d5 2. exd5 Qxd5 3. Nc3 Qd8 4. d4 Nf6 5. Nf3 Bg4 6. h3 Bxf3 7. Qxf3 c6 8. Be3 e6 9. a3 Be7 10. O-O-O Nd5 11. Ne4 Nxe3 12. fxe3 Nd7 13. Qg3 O-O 14. Bd3 f5 15. Nd2 b5 16. Qf3 Qb6 17. g4 c5 18. gxf5 cxd4 19. exd4 Qxd4 20. Nb3 Qb6 21. Qe2 Bg5+ 22. Kb1 exf5 23. Bxb5 Nf6 24. Qe5 Ne4 25. Bd7 Qf6 26. Qxf6 Rxf6 27. Rd5 g6 28. c4 Rb8 29. Ka2 Rfb6 30. Rb5 Bf6 31. a4 a6 32. Rxb6 Rxb6 33. c5 Rb4 34. Ka3 Rxb3+ 35. Kxb3 Nxc5+ 36. Kc4 Nxd7 37. b4 Nb6+ 38. Kb3 Kf7 39. a5 Nd5 40. Rc1 Be7 41. b5 axb5 42. a6 Bg5 43. Rc5 Nb6 44. Rc7+ Be7 45. a7 f4 46. Kc2 f3 47. Kd1 f2 48. Ke2 Na8 49. Rc8 Nb6 50. Rb8 Bc5 51. Rxb6 Bxb6 52. a8=Q Bc5 53. Qd5+ 1-0

[Event "Irish Championship 2020"]
[Site "Dublin"]
[Date "2020.08.08"]
[Round "8.13"]
[White "Moran, Darragh"]
[Black "McHugh, Kevin"]
[Result "1-0"]
[ECO "C06"]
[WhiteElo "1873"]
[BlackElo "2010"]
[Annotator "NA"]
[PlyCount "55"]
[EventDate "2020.08.01"]
[EventType "swiss"]
[EventCountry "IRL"]
[SourceTitle "playchess.com"]
[Source "ChessBase"]
[SourceQuality "1"]
[TimeControl "8100+35"]

1. e4 e6 2. d4 d5 3. Nd2 Nf6 4. e5 Nfd7 5. Bd3 c5 6. c3 Nc6 7. Ne2 cxd4 8. cxd4 f6 9. Nf4 Nxd4 10. Qh5+ {[%emt 0:00:10] Double Attack} Ke7 $1 11. exf6+ Nxf6 {[%emt 0:00:50] [#]} 12. Ng6+ $1 {[%emt 0:00:09] Double Attack, Pin} hxg6 13. Qxh8 e5 $2 (13... Kf7 $11 {and Black is okay.}) 14. Bxg6 e4 15. O-O {[%emt 0:00:30] C06: French Tarrasch: 3...Nf6 4 e5 Nfd7 5 Bd3 main lines.} Qa5 $2 (15... Ne2+ 16. Kh1 Nf4) 16. Nb3 Nxb3 17. axb3 {[%emt 0:02:14] [#]} Qc5 $146 ({Much weaker is} 17... Qxa1 18. Bd2 $18) ({Predecessor:} 17... Qb6 18. Rd1 Qxb3 19. Be3 b6 20. Bd4 Be6 21. Qh4 a5 22. Rdc1 Kd7 23. Bxf6 gxf6 24. Qh7+ Be7 25. Rc7+ {1-0 (25) Pirrot,D (2415)-Zifroni,D (2490) Biel 1996}) 18. Bf4 Bd7 19. Rac1 Qb6 20. Rfd1 Bc6 21. Be3 Qd8 22. Qh3 Nd7 23. Qh4+ Nf6 24. Qf4 Qb8 25. Bc5+ Kd7 26. Qf5+ Kc7 27. Qe5+ $18 Kd7 28. Bf5+ 1-0

[Event "Irish Championship 2020"]
[Site "Dublin"]
[Date "2020.08.08"]
[Round "8.14"]
[White "MacElligott, Gerard"]
[Black "Byrne, Alex"]
[Result "0-1"]
[ECO "D79"]
[WhiteElo "2020"]
[BlackElo "1976"]
[Annotator "ChessBase"]
[PlyCount "82"]
[EventDate "2020.08.01"]
[EventType "swiss"]
[EventCountry "IRL"]
[SourceTitle "playchess.com"]
[Source "ChessBase"]
[SourceQuality "1"]
[TimeControl "8100+35"]

1. d4 d5 2. Nf3 Nf6 3. g3 g6 4. Bg2 Bg7 5. O-O O-O 6. c4 c6 7. cxd5 cxd5 8. Nc3 Nc6 9. Ne5 e6 10. Nxc6 bxc6 11. Bf4 Nd7 12. Qd2 e5 13. dxe5 Nxe5 14. Rac1 Nc4 15. Qc2 g5 16. Bd2 Re8 17. Be1 Ba6 18. e4 d4 19. Rd1 Rb8 20. b3 Na3 21. Qc1 Bxf1 22. Kxf1 Nb5 23. Na4 Qf6 24. Nc5 Qe7 25. Na4 Rec8 26. Bd2 h6 27. Re1 c5 28. Kg1 c4 29. bxc4 Nc3 30. Bxc3 Rxc4 31. Nb2 Rxc3 32. Qd2 Qa3 33. Nd1 Qc1 34. Qe2 d3 35. Qg4 Rc2 36. e5 Qd2 37. Rf1 Qe2 38. Qf5 Rb5 39. Ne3 Rxe5 40. Qh3 Rxe3 41. fxe3 g4 0-1

[Event "Irish Championship 2020"]
[Site "Dublin"]
[Date "2020.08.09"]
[Round "9.1"]
[White "Daly, Colm"]
[Black "O`Donnell, Conor"]
[Result "0-1"]
[ECO "E14"]
[WhiteElo "2248"]
[BlackElo "2304"]
[Annotator "ChessBase"]
[PlyCount "124"]
[EventDate "2020.08.01"]
[EventType "swiss"]
[EventCountry "IRL"]
[SourceTitle "playchess.com"]
[Source "ChessBase"]
[SourceQuality "1"]
[TimeControl "8100+35"]

1. d4 e6 2. Nf3 Nf6 3. c4 d5 4. e3 b6 5. Bd3 Bb7 6. O-O Bd6 7. b4 dxc4 8. Bxc4 O-O 9. a3 c5 10. dxc5 bxc5 11. bxc5 Bxc5 12. Bb2 Nbd7 13. Nbd2 Nb6 14. Be2 Qe7 15. Nb3 Rfd8 16. Qe1 Bd6 17. Qa5 Bd5 18. Nbd4 Rac8 19. Rfc1 Bc4 20. Qe1 Qd7 21. Qf1 Bxe2 22. Qxe2 Na4 23. Nb5 Be7 24. Bd4 a6 25. Nc3 Nxc3 26. Rxc3 Qa4 27. h3 Ne4 28. Rxc8 Rxc8 29. Qd3 Qc2 30. Qxc2 Rxc2 31. Rb1 f6 32. Rb2 Rc1+ 33. Kh2 Bxa3 34. Ra2 Bd6+ 35. g3 a5 36. Kg2 a4 37. Ng1 a3 38. Ne2 Rb1 39. f3 Ng5 40. h4 Nf7 41. Nc3 Rb3 42. Nd1 Bb4 43. Kf2 e5 44. Ba1 Nd6 45. Ke2 Nf5 46. g4 Nxh4 47. Rc2 Rb1 48. Bc3 Bxc3 49. Nxc3 Rb2 50. Rxb2 axb2 51. Kf2 Kf7 52. Kg3 Ng6 53. Kf2 Ke7 54. Ke2 Nh4 55. Kf2 Kd6 56. f4 exf4 57. exf4 Ng6 58. Ke3 Ne7 59. Kf3 Nd5 60. Nb1 Kc5 61. Ke4 Kc4 62. Na3+ Kb3 0-1

[Event "Irish Championship 2020"]
[Site "Dublin"]
[Date "2020.08.09"]
[Round "9.2"]
[White "Melaugh, Shane"]
[Black "O`Gorman, Tom"]
[Result "0-1"]
[ECO "A36"]
[WhiteElo "2161"]
[BlackElo "2345"]
[Annotator "ChessBase"]
[PlyCount "88"]
[EventDate "2020.08.01"]
[EventType "swiss"]
[EventCountry "IRL"]
[SourceTitle "playchess.com"]
[Source "ChessBase"]
[SourceQuality "1"]
[TimeControl "8100+35"]

1. c4 Nf6 2. Nc3 g6 3. g3 Bg7 4. Bg2 O-O 5. e4 d6 6. Nge2 c5 7. O-O Nc6 8. a3 Ne8 9. Rb1 a5 10. f4 Nc7 11. d3 Rb8 12. a4 Bg4 13. h3 Bxe2 14. Qxe2 Ne6 15. Be3 Ned4 16. Qf2 e6 17. Nb5 f5 18. Kh2 Qe7 19. Rfe1 Kh8 20. Rbd1 Rf7 21. e5 dxe5 22. fxe5 Bxe5 23. Bxc6 bxc6 24. Nxd4 Bxd4 25. Bxd4+ cxd4 26. Qxd4+ Kg8 27. Qe5 Qb4 28. Re2 Re8 29. Rde1 Rd7 30. Re3 Qxa4 31. Qc5 Rxd3 32. Rxd3 Qc2+ 33. Kh1 Qxd3 34. Qxc6 Kf7 35. Qc7+ Re7 36. Qf4 e5 37. Qh4 h5 38. g4 Qxc4 39. Rg1 Qe4+ 40. Rg2 Rc7 41. Qg5 Rc2 42. gxf5 Qxg2+ 43. Qxg2 Rxg2 44. Kxg2 gxf5 0-1

[Event "Irish Championship 2020"]
[Site "Dublin"]
[Date "2020.08.09"]
[Round "9.3"]
[White "Kanyamarala, Tarun"]
[Black "Murray, David"]
[Result "1-0"]
[ECO "A57"]
[WhiteElo "2381"]
[BlackElo "2152"]
[Annotator "ChessBase"]
[PlyCount "81"]
[EventDate "2020.08.01"]
[EventType "swiss"]
[EventCountry "IRL"]
[SourceTitle "playchess.com"]
[Source "ChessBase"]
[SourceQuality "1"]
[TimeControl "8100+35"]

1. d4 Nf6 2. c4 c5 3. d5 b5 4. cxb5 a6 5. b6 Qxb6 6. Nc3 d6 7. e4 g6 8. Be2 Bg7 9. Nf3 Bg4 10. Nd2 Bxe2 11. Qxe2 O-O 12. Nc4 Qd8 13. O-O Nbd7 14. Bd2 Ne8 15. a4 Ne5 16. Ne3 Nd7 17. b3 Nc7 18. Nc4 a5 19. Rad1 Na6 20. Nb5 Nb4 21. Bg5 Ne5 22. Ne3 Nd7 23. f4 Nb6 24. e5 Qd7 25. exd6 exd6 26. f5 Rfe8 27. Qf3 Be5 28. Ng4 c4 29. Bf6 h5 30. Nxe5 Rxe5 31. Bxe5 dxe5 32. fxg6 fxg6 33. Qf6 N4xd5 34. Qxg6+ Qg7 35. Qe6+ Kh8 36. Rxd5 Nxd5 37. Qxd5 Rg8 38. bxc4 h4 39. Rf5 Qg4 40. Qxe5+ Kh7 41. Qd5 1-0

[Event "Irish Championship 2020"]
[Site "Dublin"]
[Date "2020.08.09"]
[Round "9.4"]
[White "Fitzsimons, David"]
[Black "Flynn, Jacob"]
[Result "1-0"]
[ECO "B10"]
[WhiteElo "2334"]
[BlackElo "2114"]
[Annotator "ChessBase"]
[PlyCount "105"]
[EventDate "2020.08.01"]
[EventType "swiss"]
[EventCountry "IRL"]
[SourceTitle "playchess.com"]
[Source "ChessBase"]
[SourceQuality "1"]
[TimeControl "8100+35"]

1. e4 c6 2. d3 d5 3. Nd2 e5 4. Ngf3 Bd6 5. d4 exd4 6. Bd3 Ne7 7. O-O O-O 8. Nxd4 Nd7 9. exd5 Ne5 10. Ne4 Nxd3 11. Qxd3 Nxd5 12. Bg5 Be7 13. Bxe7 Nxe7 14. Rfe1 Nf5 15. Rad1 Nxd4 16. Qxd4 Qxd4 17. Rxd4 b6 18. h3 h6 19. Rd6 c5 20. Nc3 Be6 21. Red1 Rfc8 22. a4 Kf8 23. Ne2 g5 24. Nc3 Ke7 25. Nb5 a6 26. Nc3 Rab8 27. a5 bxa5 28. Rxa6 Rxb2 29. Rd2 Rd8 30. Re2 Rd4 31. Rxa5 c4 32. Ra6 Kf8 33. Ra5 Kg7 34. Kh2 Kg6 35. g4 Rd8 36. Kg3 Rd7 37. f3 Rd8 38. Ra6 Kg7 39. Rc6 Ra8 40. h4 Ra1 41. Rc7 Rc1 42. hxg5 hxg5 43. Re5 Rcxc2 44. Rxg5+ Kf8 45. Ne4 f5 46. Nc5 Re2 47. Nxe6+ Rxe6 48. Rxf5+ Kg8 49. Ra5 Re8 50. Rxc4 Rb3 51. Rf5 Rf8 52. Rxf8+ Kxf8 53. Kf4 1-0

[Event "Irish Championship 2020"]
[Site "Dublin"]
[Date "2020.08.09"]
[Round "9.5"]
[White "Collins, Adam"]
[Black "Kanyamarala, Trisha"]
[Result "1/2-1/2"]
[ECO "B22"]
[WhiteElo "1760"]
[BlackElo "2193"]
[Annotator "ChessBase"]
[PlyCount "56"]
[EventDate "2020.08.01"]
[EventType "swiss"]
[EventCountry "IRL"]
[SourceTitle "playchess.com"]
[Source "ChessBase"]
[SourceQuality "1"]
[TimeControl "8100+35"]

1. e4 c5 2. c3 Nf6 3. e5 Nd5 4. d4 cxd4 5. Nf3 Nc6 6. cxd4 d6 7. Bc4 Nb6 8. Bb3 dxe5 9. d5 Na5 10. Nc3 Nxb3 11. Qxb3 f6 12. Be3 g6 13. Rc1 Bd7 14. O-O Bg7 15. d6 exd6 16. Rfd1 Bc6 17. Bc5 Nc8 18. Ba3 Qe7 19. Nd4 Bh6 20. Nxc6 bxc6 21. Rc2 Qf7 22. Ne4 Qxb3 23. axb3 O-O 24. Rxc6 Bg7 25. Nxd6 Rd8 26. Rdc1 Nxd6 27. Bxd6 Bh6 28. Ra1 Rac8 1/2-1/2

[Event "Irish Championship 2020"]
[Site "Dublin"]
[Date "2020.08.09"]
[Round "9.6"]
[White "Wallace, John Paul"]
[Black "O'Connell, Gerard"]
[Result "1-0"]
[ECO "B76"]
[WhiteElo "2346"]
[BlackElo "2075"]
[Annotator "ChessBase"]
[PlyCount "53"]
[EventDate "2020.08.01"]
[EventType "swiss"]
[EventCountry "IRL"]
[SourceTitle "playchess.com"]
[Source "ChessBase"]
[SourceQuality "1"]
[TimeControl "8100+35"]

1. e4 c5 2. Nf3 d6 3. d4 cxd4 4. Nxd4 Nf6 5. Nc3 g6 6. Be3 Bg7 7. f3 Nc6 8. Qd2 O-O 9. O-O-O Bd7 10. h4 Rc8 11. Kb1 Ne5 12. Nd5 Nxd5 13. exd5 Rc5 14. Nb3 Nc4 15. Bxc4 Rxc4 16. g4 f5 17. h5 fxg4 18. hxg6 hxg6 19. Nd4 Bf5 20. Nxf5 Rxf5 21. b3 Bc3 22. Qd3 b5 23. fxg4 Rf6 24. Rh6 Qa5 25. Rdh1 Kf7 26. Rh8 Rf3 27. Bd4 1-0

[Event "Irish Championship 2020"]
[Site "Dublin"]
[Date "2020.08.09"]
[Round "9.7"]
[White "Venkatesan, Kavin"]
[Black "Melaugh, Gavin"]
[Result "1/2-1/2"]
[ECO "A90"]
[WhiteElo "1946"]
[BlackElo "2003"]
[Annotator "NA"]
[PlyCount "160"]
[EventDate "2020.08.01"]
[EventType "swiss"]
[EventCountry "IRL"]
[SourceTitle "playchess.com"]
[Source "ChessBase"]
[SourceQuality "1"]
[TimeControl "8100+35"]

1. d4 e6 2. c4 f5 3. g3 Nf6 4. Bg2 Bb4+ 5. Bd2 Bxd2+ 6. Nxd2 O-O 7. Ngf3 d6 8. O-O Nc6 9. Qc2 e5 {[%emt 0:03:15] A90: Dutch Defence: Miscellaneous and Modern Stonewall (with ...Bd6).} 10. dxe5 dxe5 11. Rfd1 {[%emt 0:01:19] [#]} Qe8 $146 ({Predecessor:} 11... Qe7 12. e3 e4 13. Nd4 Ne5 14. a3 c5 15. Ne2 Be6 16. b3 Bf7 17. Nb1 Bh5 {1-0 (35) Chalmeta Ugas,J (2076)-Limeres Guiance,C (2272) Barcelona 2005}) 12. Nb3 Qh5 13. Qc3 Ne4 14. Qe3 Be6 15. Rac1 Rae8 16. Nc5 Nxc5 17. Qxc5 e4 18. Nd4 $1 Nxd4 19. Qxd4 Qxe2 20. Re1 Qh5 21. Qxa7 Qf7 22. Qc5 Rd8 23. f3 b6 24. Qf2 exf3 25. Qxf3 Bxc4 26. Qf4 Bxa2 27. Rxc7 Rd7 28. Rxd7 Qxd7 29. Qb4 b5 30. Bf3 Bc4 31. Qc3 Qf7 32. Re5 Rd8 33. Qa5 Re8 34. Rxe8+ Qxe8 35. Qd2 Qe6 36. Kg2 Kf7 37. Bh5+ g6 38. Bf3 Qe5 39. b4 Ke7 40. Kf2 Qd6 41. Qe3+ Kf6 42. Qc3+ Qe5 43. Qd2 Ke6 44. h4 Bd5 45. Bxd5+ Qxd5 46. Qe3+ Kd6 47. Qb6+ Qc6 48. Qd4+ Ke6 49. Qe3+ Kf7 50. Qa7+ Kg8 51. Qb8+ Kg7 52. Qa7+ Kf6 53. Qd4+ Ke6 54. Qe3+ Kd6 55. Qd4+ Qd5 56. Qb6+ Ke5 57. Qe3+ Kf6 58. Qb6+ Kg7 59. Qa7+ Qf7 60. Qd4+ Kf8 61. Qh8+ $11 Qg8 62. Qf6+ Qf7 63. Qh8+ Qg8 64. Qf6+ Qf7 65. Qh8+ Ke7 66. Qe5+ Qe6 67. Qxb5 Qa2+ 68. Kf1 Qb1+ 69. Kg2 Qe4+ 70. Kf2 f4 71. Qg5+ Ke6 72. Qxf4 Qc2+ 73. Kf3 Qd1+ 74. Kg2 Qe2+ 75. Kh3 h5 76. Qd4 Qf1+ 77. Kh2 Qe2+ 78. Kg1 Qe1+ 79. Kg2 Qe2+ 80. Kg1 Qe1+ 1/2-1/2